 Dungeon Crawl Stone Soup version 0.21-a0-582-g1b93aee (webtiles) character file.

1173 tidbits the Digger (level 8, 0/58 HPs)
             Began as a Gnoll Earth Elementalist on Dec 19, 2017.
             Was a Follower of Cheibriados.
             Slain by a killer bee zombie (7 damage)
             ... on level 7 of the Dungeon.
             The game lasted 00:16:27 (1691 turns).

tidbits the Digger (Gnoll Earth Elementalist)       Turns: 1691, Time: 00:16:28

Health: 0/58       AC:  5    Str: 12    XL:     8   Next: 41%
Magic:  13/17      EV: 23    Int: 22    God:    Cheibriados [*.....]
Gold:   216        SH:  0    Dex: 29    Spells: 11/19 levels left

rFire    . . .     SeeInvis .   a - +1 dagger (venom)
rCold    . . .     Gourm    .   (no shield)
rNeg     . . .     Faith    .   c - +0 robe
rPois    .         Spirit   .   (no helmet)
rElec    .         Reflect  .   (no cloak)
rCorr    .         Harm     +   (no gloves)
MR       .....                  (no boots)
Stlth    +++++.....             u - amulet of harm
HPRegen  0.19/turn              X - +6 ring of dexterity
MPRegen  0.15/turn              U - +3 ring of protection

@: agile, about to teleport, very slow
A: distributed training, fangs 1, strong nose
a: Bend Time, Renounce Religion


You were on level 7 of the Dungeon.
You worshipped Cheibriados.
Cheibriados was aware of your devotion.
You were not hungry.

You visited 2 branches of the dungeon, and saw 8 of its levels.

You collected 216 gold pieces.

Inventory:

Hand Weapons
 a - a +1 dagger of venom (weapon)
   (You took it off a goblin on level 2 of the Dungeon)
 f - a +0 short sword
 m - a +0 hunting sling
 o - a +0 scythe
 v - a +0 arbalest
Missiles
 i - 39 arrows
 H - 2 curare-tipped needles
Armour
 c - a +0 robe (worn)
 p - a +0 shield
 r - a +3 leather armour of magic resistance
   (You took it off Ijyb on level 3 of the Dungeon)
Jewellery
 u - an amulet of harm (around neck)
   (You found it on level 3 of the Dungeon)
 y - an uncursed ring of flight
   (You found it on level 3 of the Dungeon)
 A - an uncursed amulet of regeneration {unknown}
   (You found it on level 7 of the Dungeon)
 U - a +3 ring of protection (right hand)
   (You found it on level 4 of the Dungeon)
 X - a +6 ring of dexterity (left hand)
   (You found it on level 1 of the Dungeon)
Wands
 j - a wand of paralysis (27)
 n - a wand of flame (13)
 s - a wand of polymorph (11)
Scrolls
 g - 2 scrolls of immolation
 h - a scroll of identify
 k - a scroll of random uselessness {unknown}
 l - a scroll of enchant armour {unknown}
 q - 3 scrolls of fog
 z - a scroll of enchant weapon
 F - a scroll of remove curse {unknown}
 G - a scroll of blinking {unknown}
 K - a scroll of noise {unknown}
Potions
 b - a potion of cancellation
 t - a potion of heal wounds {unknown}
 w - 3 potions of might
 x - a potion of curing
 C - a potion of ambrosia {unknown}
 E - 2 potions of lignification {unknown}
 I - a potion of brilliance {unknown}
 J - a potion of haste
Books
 e - a book of Geomancy

   Spells                             Type                      Level
   a - Sandblast                      Earth                        1
   b - Passwall                       Transmutation/Earth          2
   c - Stone Arrow                    Conjuration/Earth            3
   d - Petrify                        Transmutation/Earth          4
   e - Lee's Rapid Deconstruction     Earth                        5
 L - a book of Cantrips
   (You found it on level 7 of the Dungeon)

   Spells                             Type                      Level
   a - Confusing Touch                Hexes                        1
   b - Animate Skeleton               Necromancy                   1
   c - Summon Small Mammal            Summoning                    1
   d - Apportation                    Translocation                1
Comestibles
 d - 14 rations


   Skills:
 + Level 3.2 Fighting
 + Level 3.2 Short Blades
 + Level 3.2 Long Blades
 + Level 3.2 Axes
 + Level 3.2 Maces & Flails
 + Level 3.2 Polearms
 + Level 3.2 Staves
 + Level 3.2 Slings
 + Level 3.2 Bows
 + Level 3.2 Crossbows
 + Level 3.2 Throwing
 + Level 3.2 Armour
 + Level 5.6 Dodging
 + Level 5.3 Stealth
 + Level 3.2 Shields
 + Level 3.2 Unarmed Combat
 + Level 6.0 Spellcasting
 + Level 2.6 Conjurations
 + Level 2.6 Hexes
 + Level 2.6 Charms
 + Level 2.6 Summonings
 + Level 2.6 Necromancy
 + Level 2.6 Translocations
 + Level 3.4 Transmutations
 + Level 2.6 Fire Magic
 + Level 2.6 Ice Magic
 + Level 2.6 Air Magic
 + Level 6.1 Earth Magic
 + Level 2.6 Poison Magic
 + Level 3.5 Invocations
 + Level 3.2 Evocations


You had 11 spell levels left.
You knew the following spells:

 Your Spells              Type           Power        Failure   Level  Hunger
a - Sandblast             Erth           ####..       1%          1    None
b - Apportation           Tloc           ###...       3%          1    None
n - Animate Skeleton      Necr           N/A          3%          1    None
t - Stone Arrow           Conj/Erth      ####..       4%          3    #......
w - Passwall              Tmut/Erth      ####......   1%          2    None


Dungeon Overview and Level Annotations

Branches:
Dungeon (7/15)             Temple (1/1) D:6

Altars:
Ashenzari
Cheibriados
Dithmenos
Fedhas
Gozag
Hepliaklqana
Kikubaaqudgha
Makhleb
Nemelex Xobeh
Qazlal
Ru
Sif Muna
Trog
Xom

Shops:
D:5 :[=

Annotations:
D:3 Terence


Innate Abilities, Weirdness & Mutations

Your experience applies equally to all skills.
You have very sharp teeth.
Your uncanny sense of smell can sniff out nearby items.


Message History

Press: ? - help, Shift-Dir - straight line, f/p - orc
Aim: an orc, wielding a trident and wearing a chain mail The blast of sand hits something.
A - 2 stones Something completely misses you.
Something hits you but does no damage. The orc barely misses you.
You hear some strange, mumbled words.
A magic dart appears from out of thin air!
The magic dart hits you!
* * * LOW HITPOINT WARNING * * *
Casting: Sandblast
Confirm with . or Enter, or press ? or * to list all spells.
Aiming: Sandblast
Press: ? - help, Shift-Dir - straight line, f/p - orc
Aim: an orc, wielding a trident and wearing a chain mail The blast of sand hits something.
A - a stone Something hits you but does no damage.
The orc barely misses you.
Casting: Sandblast
Confirm with . or Enter, or press ? or * to list all spells.
Aiming: Sandblast
Press: ? - help, Shift-Dir - straight line, f/p - orc
Aim: an orc, wielding a trident and wearing a chain mail The blast of sand hits something.
Cheibriados thoroughly appreciates the change of pace.
Cheibriados slows and strengthens your metabolism.
Cheibriados raises the support of your attributes as your movement slows.
You feel a bit more experienced.
You now have no stones remaining.
The orc completely misses you.
Casting: Sandblast
Confirm with . or Enter, or press ? or * to list all spells.
Aiming: Sandblast
Press: ? - help, Shift-Dir - straight line, f/p - orc
Aim: an orc, wielding a trident and wearing a chain mail You don't have any stones to cast with.
Casting: Sandblast
Confirm with . or Enter, or press ? or * to list all spells.
Aiming: Sandblast
Press: ? - help, Shift-Dir - straight line, f/p - orc
Aim: an orc, wielding a trident and wearing a chain mail You don't have any stones to cast with.
Unknown command.
Found a blackened filigree amulet.
The orc hits you from afar with a trident.
* * * LOW HITPOINT WARNING * * *
You see here a blackened filigree amulet.
A - a blackened filigree amulet The orc hits you from afar with a trident.
* * * LOW HITPOINT WARNING * * *
Put on which piece of jewellery? (? for menu, Esc to quit)
Okay, then.
Unknown command.
Evoke which item? (* to show all) (? for menu, Esc to quit)
Aiming: Paralyse
Press: ? - help, Shift-Dir - straight line, f/p - orc
Aim: an orc, wielding a trident and wearing a chain mail (chance to defeat MR: 72%)
The orc suddenly stops moving!
The helpless orc fails to defend itself.
You impale the orc!!
You kill the orc!
Things that are here:
a trident; a chain mail; an orc corpse
Things that are here:
a dagger; a robe
Things that are here:
a dagger; a robe
Things that are here:
a dagger; a robe; an orc corpse
Found a robe.
Found a hunting sling.
A wyvern skeleton comes into view.
Found 13 gold pieces.
Found a stone staircase leading down.
A killer bee zombie comes into view.
The killer bee zombie misses you. The killer bee zombie hits you!
* * * LOW HITPOINT WARNING * * *
The killer bee zombie hits you!
* * * LOW HITPOINT WARNING * * *
You feel agile all of a sudden.
The killer bee zombie completely misses you.
The wyvern skeleton barely misses you.
The killer bee zombie barely misses you.
Unknown command.
Okay, then.
Casting: Sandblast
Confirm with . or Enter, or press ? or * to list all spells.
Aiming: Sandblast
Press: ? - help, Shift-Dir - straight line, f - wyvern skeleton
Aim: a wyvern skeleton You don't have any stones to cast with.
The killer bee zombie misses you.
The wyvern skeleton completely misses you.
Okay, then.
As you read the scroll of teleportation, it crumbles to dust.
You feel strangely unstable. The killer bee zombie hits you.
* * * LOW HITPOINT WARNING * * *
The wyvern skeleton bites you.
* * * LOW HITPOINT WARNING * * *
The killer bee zombie hits you.
You die...

#.#.###...##
#.#......#.#
#.#.###.#.## #.#.#
##.## #.#.# ### #..#
##### ##.#######...#
##......[...###
##.###....@.>###..#
∆
#.####....ZZ......#
#......$......####.#
#)#######..........
#.# #........... ##
#.......####
###...### #...#
#####


You could see a killer bee zombie and a wyvern skeleton.

Vanquished Creatures
  Sigmund (D:2)
  A water moccasin (D:7)
  A big kobold (D:7)
  3 bullfrogs
  2 scorpions
  The ghost of tidbits the Digger, a weakling GnEE (D:3)
  A bullfrog zombie (D:3)
  A hound (D:5)
  2 iguanas (D:5)
  4 orc wizards (D:7)
  Ijyb (D:3)
  3 worker ants (D:5)
  A killer bee zombie (D:5)
  6 adders
  2 shadow imps
  An ooze (D:2)
  A dart slug (D:1)
  3 leopard geckos
  10 orcs
  3 giant cockroaches
  A goblin (D:2)
  4 hobgoblins
  20 jackals
  9 kobolds
  3 quokkas
  2 bats
  2 frilled lizards (D:3)
  A jackal skeleton (D:4)
  A leopard gecko skeleton (D:5)
  A leopard gecko zombie (D:5)
  A quokka zombie (D:5)
  6 rats
99 creatures vanquished.

Notes
Turn   | Place    | Note
-------+----------+-------------------------------------------
     0 | D:1      | tidbits the Gnoll Earth Elementalist began the quest for the Orb.
     0 | D:1      | Reached XP level 1. HP: 13/13 MP: 6/6
    61 | D:2      | Reached skill level 2 in Transmutations
    75 | D:2      | Noticed Sigmund
    79 | D:2      | Reached XP level 2. HP: 16/19 MP: 5/7
    96 | D:2      | Killed Sigmund
    96 | D:2      | Reached skill level 1 in Fighting
    96 | D:2      | Reached skill level 1 in Short Blades
    96 | D:2      | Reached skill level 1 in Long Blades
    96 | D:2      | Reached skill level 1 in Axes
    96 | D:2      | Reached skill level 1 in Maces & Flails
    96 | D:2      | Reached skill level 1 in Polearms
    96 | D:2      | Reached skill level 1 in Staves
    96 | D:2      | Reached skill level 1 in Slings
    96 | D:2      | Reached skill level 1 in Bows
    96 | D:2      | Reached skill level 1 in Crossbows
    96 | D:2      | Reached skill level 1 in Throwing
    96 | D:2      | Reached skill level 1 in Armour
    96 | D:2      | Reached skill level 1 in Shields
    96 | D:2      | Reached skill level 1 in Unarmed Combat
    96 | D:2      | Reached skill level 5 in Spellcasting
    96 | D:2      | Reached skill level 1 in Conjurations
    96 | D:2      | Reached skill level 1 in Hexes
    96 | D:2      | Reached skill level 1 in Charms
    96 | D:2      | Reached skill level 1 in Summonings
    96 | D:2      | Reached skill level 1 in Necromancy
    96 | D:2      | Reached skill level 1 in Translocations
    96 | D:2      | Reached skill level 1 in Fire Magic
    96 | D:2      | Reached skill level 1 in Ice Magic
    96 | D:2      | Reached skill level 1 in Air Magic
    96 | D:2      | Reached skill level 1 in Poison Magic
    96 | D:2      | Reached skill level 1 in Invocations
    96 | D:2      | Reached skill level 1 in Evocations
    96 | D:2      | Reached XP level 3. HP: 5/26 MP: 6/9
    96 | D:2      | Reached XP level 4. HP: 7/32 MP: 7/11
    96 | D:2      | Reached XP level 5. HP: 8/37 MP: 7/12
   221 | D:1      | Learned a level 2 spell: Passwall
   522 | D:3      | Noticed tidbits's ghost (weakling GnEE)
   542 | D:3      | Killed tidbits's ghost
   542 | D:3      | Reached skill level 2 in Invocations
   542 | D:3      | Reached XP level 6. HP: 34/44 MP: 3/13
   554 | D:3      | Noticed Terence
   592 | D:3      | Noticed Ijyb
   599 | D:3      | Killed Ijyb
   644 | D:3      | Reached skill level 5 in Dodging
   686 | D:3      | Reached skill level 2 in Fighting
   686 | D:3      | Reached skill level 2 in Short Blades
   686 | D:3      | Reached skill level 2 in Long Blades
   686 | D:3      | Reached skill level 2 in Axes
   686 | D:3      | Reached skill level 2 in Maces & Flails
   686 | D:3      | Reached skill level 2 in Polearms
   686 | D:3      | Reached skill level 2 in Staves
   686 | D:3      | Reached skill level 2 in Slings
   686 | D:3      | Reached skill level 2 in Bows
   686 | D:3      | Reached skill level 2 in Crossbows
   686 | D:3      | Reached skill level 2 in Throwing
   686 | D:3      | Reached skill level 2 in Armour
   686 | D:3      | Reached skill level 2 in Shields
   686 | D:3      | Reached skill level 2 in Unarmed Combat
   686 | D:3      | Reached skill level 2 in Evocations
   909 | D:4      | Learned a level 3 spell: Stone Arrow
  1017 | D:5      | Entered Level 5 of the Dungeon
  1074 | D:5      | Reached XP level 7. HP: 50/50 MP: 12/15
  1138 | D:5      | Found Kacadeze's Jewellery Shoppe.
  1267 | D:5      | Found Mutip's Armour Shoppe.
  1370 | D:6      | Reached skill level 2 in Conjurations
  1370 | D:6      | Reached skill level 2 in Hexes
  1370 | D:6      | Reached skill level 2 in Charms
  1370 | D:6      | Reached skill level 2 in Summonings
  1370 | D:6      | Reached skill level 2 in Necromancy
  1370 | D:6      | Reached skill level 2 in Translocations
  1370 | D:6      | Reached skill level 3 in Transmutations
  1370 | D:6      | Reached skill level 2 in Fire Magic
  1370 | D:6      | Reached skill level 2 in Ice Magic
  1370 | D:6      | Reached skill level 2 in Air Magic
  1370 | D:6      | Reached skill level 2 in Poison Magic
  1372 | D:6      | Found a staircase to the Ecumenical Temple.
  1382 | Temple   | Entered the Ecumenical Temple
  1387 | Temple   | Became a worshipper of Cheibriados the Contemplative
  1498 | D:6      | Reached skill level 5 in Stealth
  1502 | D:5      | Found Rissit's Book Shop.
  1505 | D:5      | Reached skill level 3 in Invocations
  1561 | D:7      | Reached XP level 8. HP: 28/57 MP: 5/16
  1589 | D:7      | Learned a level 1 spell: Animate Skeleton
  1591 | D:7      | Learned a level 1 spell: Apportation
  1597 | D:7      | Reached skill level 6 in Earth Magic
  1626 | D:7      | Reached skill level 3 in Fighting
  1626 | D:7      | Reached skill level 3 in Short Blades
  1626 | D:7      | Reached skill level 3 in Long Blades
  1626 | D:7      | Reached skill level 3 in Axes
  1626 | D:7      | Reached skill level 3 in Maces & Flails
  1626 | D:7      | Reached skill level 3 in Polearms
  1626 | D:7      | Reached skill level 3 in Staves
  1626 | D:7      | Reached skill level 3 in Slings
  1626 | D:7      | Reached skill level 3 in Bows
  1626 | D:7      | Reached skill level 3 in Crossbows
  1626 | D:7      | Reached skill level 3 in Throwing
  1626 | D:7      | Reached skill level 3 in Armour
  1626 | D:7      | Reached skill level 3 in Shields
  1626 | D:7      | Reached skill level 3 in Unarmed Combat
  1626 | D:7      | Reached skill level 3 in Evocations
  1643 | D:7      | Reached skill level 6 in Spellcasting
  1648 | D:7      | Reached * piety under Cheibriados
  1691 | D:7      | Slain by a killer bee zombie

Vault maps used:
D:1:      co_arrival_square_in_a_square_in_a_square
D:2:      zin_scriptorium, first_ration, uniq_crazy_yiuf_cottage, uniq_sigmund
D:3:      uniq_terence, uniq_ijyb
D:5:      serial_shops, shop, nicolae_shop_statue_plus, shop,
          kennysheep_generic_room_6
D:6:      minmay_temple_entry_mist
Temple:   dpeg_three_leaves_temple

Skill      XL: |  1  2  3  4  5  6  7  8 |
---------------+-------------------------+-----
Transmutations | 2 3 |  3.4
Fighting       | 1 2 3 |  3.2
Short Blades   | 1 2 3 |  3.2
Long Blades    | 1 2 3 |  3.2
Axes           | 1 2 3 |  3.2
Maces & Flails | 1 2 3 |  3.2
Polearms       | 1 2 3 |  3.2
Staves         | 1 2 3 |  3.2
Slings         | 1 2 3 |  3.2
Bows           | 1 2 3 |  3.2
Crossbows      | 1 2 3 |  3.2
Throwing       | 1 2 3 |  3.2
Armour         | 1 2 3 |  3.2
Shields        | 1 2 3 |  3.2
Unarmed Combat | 1 2 3 |  3.2
Spellcasting   | 5 6 |  6.0
Conjurations   | 1 2 |  2.6
Hexes          | 1 2 |  2.6
Charms         | 1 2 |  2.6
Summonings     | 1 2 |  2.6
Necromancy     | 1 2 |  2.6
Translocations | 1 2 |  2.6
Fire Magic     | 1 2 |  2.6
Ice Magic      | 1 2 |  2.6
Air Magic      | 1 2 |  2.6
Poison Magic   | 1 2 |  2.6
Invocations    | 1 2 3 |  3.5
Evocations     | 1 2 3 |  3.2
Dodging        | 5 |  5.6
Stealth        | 5 |  5.3
Earth Magic    | 6 |  6.1

Action                   |  1- 3 |  4- 6 |  7- 9 || total
-------------------------+-------+-------+-------++-------
Melee: Short sword       |     4 |     2 |       ||     6
       Unarmed           |     1 |       |       ||     1
       Dagger            |       |    36 |    24 ||    60
       Bite              |       |     4 |     2 ||     6
       Punch             |       |     2 |     1 ||     3
 Cast: Sandblast         |     6 |    54 |    64 ||   124
       Passwall          |       |     5 |       ||     5
Evoke: Wand              |     5 |     6 |     1 ||    12
  Use: Potion            |     2 |     1 |     1 ||     4
       Scroll            |       |     6 |     2 ||     8
 Stab: Sleeping          |     2 |     6 |     3 ||    11
       Paralysed         |     3 |     2 |     1 ||     6
  Eat: Chunk             |       |       |     2 ||     2
Armor: Robe              |       |     3 |     7 ||    10
Dodge: Dodged            |     2 |    45 |    61 ||   108

Table legend:
 A = Spawn XP
 B = Non-spawn XP
 C = Spawn XP percentage of total XP
 D = Spawn monster count
 E = Non-spawn monster count
 F = Spawn count percentage of total count
 G = Total turns spent on level
                    A         B        C        D         E        F      G
               +---------+---------+-------+---------+---------+-------+---------
         Total |       0 |    1677 |   0.0 |       0 |      99 |   0.0 |  1691
               +---------+---------+-------+---------+---------+-------+---------
           D:1 |       0 |      23 |   0.0 |       0 |      12 |   0.0 |   238
           D:2 |       0 |     262 |   0.0 |       0 |      17 |   0.0 |   256
           D:3 |       0 |     217 |   0.0 |       0 |      25 |   0.0 |   348
           D:4 |       0 |      33 |   0.0 |       0 |       6 |   0.0 |   243
           D:5 |       0 |     343 |   0.0 |       0 |      17 |   0.0 |   302
           D:6 |       0 |     107 |   0.0 |       0 |       4 |   0.0 |   112
           D:7 |       0 |     692 |   0.0 |       0 |      18 |   0.0 |   181
               +---------+---------+-------+---------+---------+-------+---------

Table legend:
 A = Turns spent in this place as a percentage of turns spent in the entire game.
 B = Non-inter-level travel turns spent in this place as a percentage of non-inter-level travel turns spent in the entire game.
 C = Inter-level travel turns spent in this place as a percentage of turns spent in this place.
 D = Turns resting spent in this place as a percentage of non-inter-level travel turns spent in this place.
 E = Turns spent auto-exploring this place as a percentage of non-inter-level travel turns spent in this place.
 F = Non-inter-level travel turns spent in this place divided by the number of levels of this place that you've seen.
                   A       B       C       D       E      F
               +-------+-------+-------+-------+-------+----------------------
         Total | 100.0 | 100.0 |   1.5 |   0.0 |   0.0 | 208.1
       Dungeon |  99.3 |  99.3 |   1.5 |   0.0 |   0.0 | 236.3
        Temple |   0.7 |   0.7 |   0.0 |   0.0 |   0.0 |  11.0
               +-------+-------+-------+-------+-------+----------------------

Table legend:
 A = Kills in this place as a percentage of kills in entire the game.
 B = Kills by you in this place as a percentage of kills by you in the entire game.
 C = Kills by friends in this place as a percentage of kills by friends in the entire game.
 D = Other kills in this place as a percentage of other kills in the entire game.
 E = Experience gained in this place as a percentage of experience gained in the entire game.
 F = Experience gained in this place divided by the number of levels of this place that you have seen.
                   A       B       C       D       E      F
               +-------+-------+-------+-------+-------+----------------------
         Total | 100.0 | 100.0 |   N/A |   N/A | 100.0 | 209.6
       Dungeon | 100.0 | 100.0 |   N/A |   N/A | 100.0 | 239.6
               +-------+-------+-------+-------+-------+----------------------

Vault maps used:
D:1:      co_arrival_square_in_a_square_in_a_square
D:2:      zin_scriptorium, first_ration, uniq_crazy_yiuf_cottage, uniq_sigmund
D:3:      uniq_terence, uniq_ijyb
D:5:      serial_shops, shop, nicolae_shop_statue_plus, shop,
          kennysheep_generic_room_6
D:6:      minmay_temple_entry_mist
Temple:   dpeg_three_leaves_temple
